 Dungeon Crawl Stone Soup version 0.17.1-2-g5865329 (webtiles) character file.

697 ololoev the Chopper (level 7, 49/52 HPs)
             Began as a Demonspawn Fighter on Feb 12, 2016.
             Quit the game on level 6 of the Dungeon.
             The game lasted 00:16:01 (2056 turns).

ololoev the Chopper (Demonspawn Fighter)            Turns: 2056, Time: 00:16:01

Health: 49/52      AC: 15    Str: 18    XL:     7   Next: 38%
Magic:  7/7        EV:  5    Int: 10    God:
Gold:   268        SH:  0    Dex: 11    Spells: 0 memorised, 6 levels left

rFire  . . .     SeeInvis .     b - +0 blowgun
rCold  . . .     Clarity  .     c - +0 plate armour
rNeg   . . .     SustAt   .     (no shield)
rPois  .         Gourm    .     (no helmet)
rElec  .         Spirit   .     (no cloak)
rCorr  .         Warding  .     (no gloves)
rMut   .         Stasis   .     (no boots)
MR     +....                    (no amulet)
Stlth  ..........               u - ring of stealth
                                m - ring of protection from magic

@: somewhat resistant to hostile enchantments, extremely unstealthy
A: claws 2, rough black scales 1, demonic guardian 1
a: no special abilities


Innate Abilities, Weirdness & Mutations

You have very sharp fingernails.
You are partially covered in rough black scales (AC +4, Dex -1).
A weak demonic guardian rushes to your aid.

Inventory:

Hand Weapons
 a - a +0 war axe
 b - a +0 blowgun (weapon)
Missiles
 o - 17 poisoned needles (quivered)
 w - 4 javelins
Armour
 c - a +0 plate armour (worn)
Jewellery
 m - a ring of protection from magic (left claw)
 u - a ring of stealth (right claw)
Wands
 r - a wand of fire (7)
Scrolls
 f - a scroll of fear {unknown}
 g - a scroll of blinking {unknown}
 j - 2 scrolls of identify {unknown}
 k - 2 scrolls of remove curse {unknown}
 t - a scroll of fog {unknown}
 v - a scroll of amnesia {unknown}
 x - a scroll of enchant armour {unknown}
Potions
 d - a potion of might
 h - a potion of curing {unknown}
 i - a potion of agility {unknown}
 l - a potion of degeneration {unknown}
 p - a potion of invisibility {unknown}
 s - a potion of lignification {unknown}
Comestibles
 e - 5 bread rations
 n - 2 beef jerkies
 q - 5 chunks of flesh


   Skills:
 - Level 3.0 Fighting
 * Level 5.2 Axes
 * Level 4.1 Throwing
 + Level 4.3 Armour
   Level 2.6 Shields


You had 6 spell levels left.
You didn't know any spells.


You were on level 6 of the Dungeon.
You were not hungry.

You visited 1 branch of the dungeon, and saw 6 of its levels.

You collected 268 gold pieces.

########### #.........#### #.#
#### #............. ..# ##..###
#.....@...# #######.# #.....#
#.........# #....#..##.
#.###.#####.........# #>.........
#.# #...............###.......##.
..# #...###.........)........# ..
.####...###.........###......##..
<##.................##.....#.....
.#..#...####.#..###.##..........#
..†.(......................#.##.#

Notes
Turn   | Place    | Note
--------------------------------------------------------------
     0 | D:1      | ololoev the Demonspawn Fighter began the quest for the Orb.
     0 | D:1      | Reached XP level 1. HP: 18/18 MP: 1/1
   219 | D:1      | Gained mutation: You have sharp fingernails. [demonic ancestry]
   219 | D:1      | Reached XP level 2. HP: 20/24 MP: 2/2
   495 | D:3      | Reached XP level 3. HP: 21/29 MP: 3/3
   984 | D:4      | Found a blossoming altar of Fedhas.
  1002 | D:5      | Entered Level 5 of the Dungeon
  1022 | D:4      | Noticed ololoev's ghost (amateur DsFi)
  1046 | D:4      | Killed ololoev's ghost
  1046 | D:4      | Reached skill level 1 in Throwing
  1046 | D:4      | Reached XP level 4. HP: 7/35 MP: 4/4
  1161 | D:4      | Gained mutation: You have very sharp fingernails. [demonic ancestry]
  1161 | D:4      | Reached XP level 5. HP: 23/41 MP: 5/5
  1264 | D:5      | Found a stormy altar of Qazlal.
  1278 | D:3      | Found a shimmering altar of Xom.
  1361 | D:4      | Noticed an ogre
  1374 | D:4      | Killed an ogre
  1374 | D:4      | Reached skill level 4 in Axes
  1450 | D:4      | Gained mutation: A weak demonic guardian rushes to your aid. [demonic ancestry]
  1450 | D:4      | Reached XP level 6. HP: 45/47 MP: 6/6
  1852 | D:6      | Gained mutation: You are partially covered in rough black scales (AC +4, Dex -1). [demonic ancestry]
  1852 | D:6      | Reached XP level 7. HP: 26/52 MP: 7/7
  1854 | D:6      | Reached skill level 5 in Axes
  2056 | D:6      | Quit the game

Dungeon Overview and Level Annotations

Branches:
Dungeon (6/15)
 Temple: D:4-7

Altars:
Fedhas
Qazlal
Xom


Message History

The poisoned needle barely misses the iguana.
Firing (i - inventory. (,) - cycle):
o - 16 poisoned needles (quivered)
Press: ? - help, Shift-Dir - straight line, f/p - iguana
Aim: an iguana You shoot a poisoned needle.
The poisoned needle barely misses the iguana.
Firing (i - inventory. (,) - cycle):
o - 15 poisoned needles (quivered)
Press: ? - help, Shift-Dir - straight line, f/p - iguana
Aim: an iguana You shoot a poisoned needle.
The poisoned needle hits the iguana!
The iguana is poisoned.
Firing (i - inventory. (,) - cycle):
o - 14 poisoned needles (quivered)
Press: ? - help, Shift-Dir - straight line, f/p - iguana
Aim: an iguana (poisoned)
You shoot a poisoned needle.
The poisoned needle closely misses the iguana.
Firing (i - inventory. (,) - cycle):
o - 13 poisoned needles (quivered)
Press: ? - help, Shift-Dir - straight line, f/p - iguana
Aim: an iguana (lightly wounded, poisoned)
You shoot a poisoned needle. The poisoned needle hits the iguana!
The iguana looks even sicker.
The iguana is lightly wounded.
a - a +0 war axe (weapon)
You hit the iguana but do no damage.
The iguana is heavily wounded.
You kill the iguana!
You see here an iguana corpse.
Found a stone staircase leading up.
o - 13 poisoned needles (gained 1)
o - 14 poisoned needles (gained 1)
o - 17 poisoned needles (gained 3)
There is a stone staircase leading up here.
b - a +0 blowgun (weapon)
You climb upwards.
Found 11 gold pieces.
There is a stone staircase leading down here.
You climb downwards.
There is a stone staircase leading up here.
Some of the chunks of flesh in your inventory have rotted away.
Are you sure you want to abandon this character and quit the game? (Confirm with "yes".)

There were no monsters in sight!

Vanquished Creatures
  A centaur (D:6)
  The ghost of ololoev the Covered, an amateur DsFi (D:4)
  An ogre (D:4)
  2 iguanas
  A giant frog skeleton (D:6)
  An orc priest (D:4)
  2 orc wizards
  2 hounds (D:6)
  3 worker ants
  A worker ant zombie (D:6)
  4 adders
  6 gnolls (D:4)
  A giant gecko (D:1)
  7 orcs
  7 bats
  A hobgoblin (D:3)
  4 jackals (D:4)
  5 kobolds
  2 quokkas (D:4)
  3 giant newts
  3 goblins
  2 quokka skeletons (D:4)
  4 rats
64 creatures vanquished.

Vanquished Creatures (collateral kills)
  A hound (D:6)
  An adder (D:6)
2 creatures vanquished.

Grand Total: 66 creatures vanquished

Action                   |  1- 3 |  4- 6 |  7- 9 || total
-------------------------+-------+-------+-------++-------
Melee: War axe           |    73 |    47 |    32 ||   152
 Fire: Blowgun           |     3 |    55 |    13 ||    71
  Use: Potion            |     1 |       |       ||     1
  Eat: Chunk             |       |     3 |     1 ||     4

Vault maps used:
D:1:      onia_arrival_larder, supply_closet_lemuel, minivault_4
D:2:      uniq_jessica
D:3:      lemuel_upstairs_altar, lemuel_doored_altar, first_bread
D:4:      kennysheep_mini
D:5:      kiku_gazebo_pond_becter, minmay_temple_entry_hall,
          nicolae_qazlal_general_emergency, uniq_prince_ribbit1, uniq_sigmund
D:6:      grunt_ministairs_2, hangedman_abyss_or_decor_stabs
